 Dungeon Crawl Stone Soup version 0.23-a0-319-gb40ba49 (webtiles) character file.

11 Gildeon the Charmwright (level 2, -4/24 HPs)
             Began as a Demigod Skald on Oct 14, 2018.
             Slain by a gnoll
             ... wielding a +0 halberd
              (11 damage)
             ... on level 1 of the Dungeon.
             The game lasted 00:02:36 (821 turns).

Gildeon the Charmwright (Demigod Skald)              Turns: 821, Time: 00:02:37

Health: -4/24      AC:  3    Str: 14    XL:     2   Next: 6%
Magic:  5/7        EV: 12    Int: 17    God:
Gold:   9          SH:  0    Dex: 15    Spells: 1/4 levels left

rFire    . . .     SeeInvis .   a - +0 mace
rCold    . . .     Gourm    .   (no shield)
rNeg     . . .     Faith    .   b - +0 leather armour
rPois    .         Spirit   .   (no helmet)
rElec    .         Reflect  .   (no cloak)
rCorr    .         Harm     .   (no gloves)
MR       .....                  (no boots)
Stlth    +.........             (no amulet)
HPRegen  0.08/turn              (no ring)
MPRegen  0.10/turn              (no ring)

@: infused
A: high mp 1
a: no special abilities


You were on level 1 of the Dungeon.
You were not hungry.

You visited 1 branch of the dungeon, and saw 1 of its levels.

You collected 9 gold pieces.

Inventory:

Hand Weapons
 a - a +0 mace (weapon)
Armour
 b - a +0 leather armour (worn)
Scrolls
 f - a scroll of amnesia {unknown}
 h - a scroll of magic mapping {unknown}
Potions
 c - a potion of mutation {unknown}
 e - 2 potions of curing {unknown}
Comestibles
 d - 3 rations
 g - 2 chunks of flesh


   Skills:
 + Level 1.9 Fighting
 + Level 1.9 Maces & Flails
 + Level 1.1 Armour
 + Level 2.0 Dodging
 + Level 1.9 Spellcasting
 + Level 2.8 Charms


You had one spell level left.
You knew the following spells:

 Your Spells              Type           Power        Failure   Level  Hunger
a - Infusion              Chrm           ##..         8%          1    #......
b - Song of Slaying       Chrm           ##......     12%         2    ###....

Your spell library contained the following spells:

 Spells                   Type           Power        Failure   Level  Hunger
 Shroud of Golubria       Chrm/Tloc      #.........   21%         2    ###....
 Regeneration             Chrm/Necr      #.........   38%         3    ###....
 Spectral Weapon          Hex/Chrm       #.......     38%         3    ###....


Dungeon Overview and Level Annotations

Branches:
Dungeon (1/15)


Innate Abilities, Weirdness & Mutations

You have an increased reservoir of magic. (+10% MP)


Message History

You start resting.
Magic restored.
Things that are here:
a frilled lizard skeleton; a bat skeleton A gnoll comes into view.
It is wielding a halberd.
The gnoll shouts!
The gnoll closely misses you.
A hobgoblin comes into view. It is wielding a club.
Casting: Infusion (safe; 8% risk of failure)
Confirm with . or Enter, or press ? or * to list all spells.
You begin infusing your attacks with magical energy.
The hobgoblin shouts!
The gnoll hits you from afar with a halberd!
Ouch! That really hurt!
You hit the hobgoblin.
The hobgoblin is heavily wounded.
The hobgoblin hits you with a club.
* * * LOW HITPOINT WARNING * * *
The gnoll hits you from afar with a halberd!
You die...

#################### #.#
.............รท.....###.#######
######....#####...............
#....# #........####### #....#
#........# #....# #............
#....# #.####.###### #....#
#.#....... #....# #.@.......
###### ###g###..## .g. #.#
.##.# .# .. .# .. ## .


You could see a gnoll and a hobgoblin.

Vanquished Creatures
  An ooze (D:1)
  A bat (D:1)
  2 hobgoblins (D:1)
  A kobold (D:1)
  A ball python (D:1)
  A frilled lizard (D:1)
7 creatures vanquished.

Notes
Turn   | Place    | Note
-------+----------+-------------------------------------------
     0 | D:1      | Gildeon the Demigod Skald began the quest for the Orb.
     0 | D:1      | Reached XP level 1. HP: 17/17 MP: 5/5
   185 | D:1      | Reached skill level 1 in Armour
   723 | D:1      | Reached XP level 2. HP: 24/24 MP: 1/7
   727 | D:1      | Learned a level 2 spell: Song of Slaying
   821 | D:1      | Slain by a gnoll

Vault maps used:
D:1:      saegor_arrival_simple_a

Skill      XL: |  1 |
---------------+----+-----
Armour         | 1 |  1.1
Dodging        | 2 |  2.0
Fighting       | |  1.9
Maces & Flails | |  1.9
Spellcasting   | |  1.9
Charms         | |  2.8

Action                   || total
-------------------------++-------
Melee: Mace              ||    25
 Cast: Infusion          ||     6
Armor: Leather armour    ||     3
Dodge: Dodged            ||    15

Table legend:
 A = Non-vault XP
 B = Vault XP
 C = Vault XP percentage of total XP
 D = Non-vault monster count
 E = Vault monster count
 F = Vault count percentage of total count
                 A         B        C        D         E       F
            +---------+---------+-------+---------+---------+-------
      Total |      17 |       0 |   0.0 |       7 |       0 |   0.0
            +---------+---------+-------+---------+---------+-------
        D:1 |      17 |       0 |   0.0 |       7 |       0 |   0.0
            +---------+---------+-------+---------+---------+-------
